 Dungeon Crawl Stone Soup version 0.26.1-11-gd32895ea62 (webtiles) character file.

Game seed: 5493755332800219250

1290 Almogavar the Stinger (level 8, 0/48 HPs)
             Began as an Octopode Venom Mage on May 20, 2021.
             Was a Follower of Sif Muna.
             Slain by Descartes's ghost (3 damage)
             ... on level 5 of the Dungeon.
             The game lasted 00:29:43 (7722 turns).

Almogavar the Stinger (Octopode Venom Mage)         Turns: 7722, Time: 00:29:44

Health: 0/48       AC:  1    Str:  8    XL:     8   Next: 55%
Magic:  16/16      EV: 14    Int: 19    God:    Sif Muna [*.....]
Gold:   236        SH:  0    Dex: 12    Spells: 11/17 levels left

rFire    x . .     SeeInvis .   m - +2 scythe (venom)
rCold    + . .     Faith    .   (shield currently unavailable)
rNeg     + . .     Spirit   .   (helmet restricted)
rPois    .         Reflect  .   (no amulet)
rElec    .         Harm     .   e - ring of ice
rCorr    .         Rampage  .   l - ring of positive energy
Will     .....                  (no ring)
Stlth    +++.......             (no ring)
HPRegen  0.16/turn              (no ring)
MPRegen  0.15/turn              (no ring)
                                (no ring)
                                (no ring)

@: no status effects
A: almost no armour, stealthy swim, amphibious, 8 rings, constrict 8, camouflage
1, gelatinous body 1
a: Renounce Religion, Channel Magic


You were on level 5 of the Dungeon.
You worshipped Sif Muna.
Sif Muna was aware of your devotion.
You visited 1 branch of the dungeon, and saw 5 of its levels.

You collected 236 gold pieces.

Inventory:

Hand Weapons
 c - a +0 short sword
 f - a cursed +0 mace
 m - a +2 scythe of venom (weapon)
Jewellery
 e - a ring of ice (left tentacle)
 l - a ring of positive energy (right tentacle)
Wands
 r - a wand of digging (8)
 u - a wand of polymorph (8)
Scrolls
 a - 4 scrolls of remove curse
 d - a scroll of blinking {unknown}
 g - a scroll of fear {unknown}
 h - a scroll of fog {unknown}
 i - a scroll of enchant weapon
 n - a scroll of immolation {unknown}
 o - a scroll of random uselessness {unknown}
 q - a scroll of amnesia {unknown}
 s - a scroll of magic mapping {unknown}
 t - a scroll of teleportation {unknown}
Potions
 b - a potion of curing
 j - 3 potions of heal wounds {unknown}
 k - 2 potions of ambrosia {unknown}
 p - a potion of lignification {unknown}


   Skills:
 + Level 1.5 Fighting
 + Level 2.9 Dodging
 + Level 4.2 Stealth
 + Level 5.4 Spellcasting
 + Level 4.1 Transmutations
 + Level 2.4 Air Magic
 + Level 7.6 Poison Magic


You had 11 spell levels left.
You knew the following spells:

 Your Spells              Type           Power        Failure   Level
a - Sting                 Tmut/Pois      100%         1%          1
b - Poisonous Vapours     Pois/Air       48%          2%          2
c - Spider Form           Tmut/Pois      13%          3%          3

Your spell library contained the following spells:

 Spells                   Type           Power        Failure   Level
 Beastly Appendage        Tmut           40%          2%          1
 Wereblood                Tmut           20%          3%          2
 Olgreb's Toxic Radiance  Pois           34%          5%          4
 Ignite Poison            Fire/Tmut/Pois 20%          7%          3
 Mephitic Cloud           Conj/Pois/Air  17%          9%          3
 Animate Skeleton         Necr           10%          12%         1
 Apportation              Tloc           10%          12%         1
 Corona                   Hex            5%           12%         1
 Magic Dart               Conj           20%          12%         1
 Sandblast                Erth           10%          12%         1
 Summon Small Mammal      Summ           20%          12%         1
 Call Imp                 Summ           5%           19%         2
 Searing Ray              Conj           10%          19%         2
 Call Canine Familiar     Summ           5%           34%         3
 Confusing Touch          Hex            5%           34%         3
 Dazzling Flash           Conj/Hex       10%          34%         3
 Gell's Gravitas          Tloc           2%           34%         3
 Summon Guardian Golem    Hex/Summ       5%           34%         3
 Ice Form                 Ice/Tmut       19%          45%         4
 Petrify                  Tmut/Erth      13%          45%         4
 Blade Hands              Tmut           10%          52%         5
 Summon Lightning Spire   Summ/Air       9%           56%         4
 Fulminant Prism          Conj/Hex       2%           75%         4
 Iskenderun's Mystic Bla  Conj/Tloc      5%           75%         4
 Summon Ice Beast         Ice/Summ       7%           75%         4
 Yara's Violent Unravell  Hex/Tmut       6%           80%         5
 Metabolic Englaciation   Hex/Ice        3%           97%         5


Dungeon Overview and Level Annotations

Branches:
Dungeon (5/15)
 Temple: D:4-7

Altars:
Cheibriados
Makhleb
Sif Muna
Trog
Uskayaw
Vehumet
Xom

Shops:
D:4 *=

Annotations:
D:4 exclusion: statue
D:5 1 transporter, Descartes's ghost, weakling FeDe


Innate Abilities, Weirdness & Mutations

You cannot wear most types of armour.
You are very stealthy in the water. (Stealth+)
You are amphibious.
You can wear up to eight rings at the same time.
You can use your tentacles to constrict eight enemies at once.
Your skin changes colour to match your surroundings (Stealth+).
Your rubbery body absorbs attacks. (AC +1, EV +1)


Message History

You slash the centaur skeleton!
You destroy the centaur skeleton!
Sif Muna accepts your kill. The adder zombie barely misses you.
Descartes's ghost closely misses you.
You barely miss Descartes's ghost. The adder zombie closely misses you.
Descartes's ghost barely misses you. The adder zombie barely misses you.
Descartes's ghost hits you.
* * * LOW HITPOINT WARNING * * *
You feel better. The adder zombie bites you.
* * * LOW HITPOINT WARNING * * *
Descartes's ghost misses you. The adder zombie misses you.
The adder zombie bites you.
* * * LOW HITPOINT WARNING * * *
You barely miss Descartes's ghost. Descartes's ghost hits you!
* * * LOW HITPOINT WARNING * * *
Descartes's ghost completely misses you.
You closely miss Descartes's ghost. You squeeze Descartes's ghost.
Descartes's ghost is severely damaged.
Descartes's ghost hits you.
You die...

#.##.##.#.....©.....#.##.##..
#.##.##...#########..........
#.#...#..##8..?$.8##..##.####
#####.#.#.#..#........©#..##<#...
....#...#....#.#.....#.#..##.#.#.
....>.#####..#..#...#..#..##.#...
###.#...#....#.Z..©....#........#
# #.###.#.##.#.W#[?.#..#.########
# #.# #...##.#.#@....#.#.# # #.#
######.#.........#.# # #.#
#.##8.....8##.# # #.#
#..#########..# ## # #.#
##.....©......# #. # #.#
#####...####.# #. ###.#####
####.#####.# #. ........#
#..........# #. ......#.#
#.########## #.


You could see Descartes's ghost and an adder zombie.

Vanquished Creatures
  Sigmund (D:3)
  Eustachio (D:5)
  An orc warrior (D:4)
  An ogre (D:5)
  A necrophage (D:4)
  A bullfrog (D:4)
  A scorpion (D:5)
  A crimson imp (D:5)
  2 orc priests
  A hound (D:5)
  Ijyb (D:5)
  A centaur skeleton (D:5)
  An iguana (D:5)
  3 orc wizards
  3 worker ants
  A hound skeleton (D:5)
  A hound zombie (D:5)
  A worker ant zombie (D:5)
  4 gnolls
  9 adders
  2 adder skeletons (D:4)
  2 worms
  A dart slug (D:3)
  6 leopard geckos
  14 orcs
  6 bats
  4 giant cockroaches
  6 goblins
  11 hobgoblins
  2 jackals (D:1)
  12 kobolds
  2 quokkas (D:2)
  2 ball pythons (D:4)
  3 frilled lizards
  5 rats
114 creatures vanquished.

Notes
Turn   | Place    | Note
-------+----------+-------------------------------------------
     0 | D:1      | Almogavar the Octopode Venom Mage began the quest for the
                  | Orb.
     0 | D:1      | Reached XP level 1. HP: 11/11 MP: 3/3
   212 | D:1      | Reached skill level 4 in Poison Magic
   212 | D:1      | Reached XP level 2. HP: 17/17 MP: 1/5
   865 | D:1      | Reached XP level 3. HP: 21/21 MP: 4/6
   934 | D:1      | Learned a level 2 spell: Poisonous Vapours
  1945 | D:2      | Reached XP level 4. HP: 27/27 MP: 3/8
  2572 | D:2      | Found a shimmering blue altar of Sif Muna.
  2575 | D:2      | Became a worshipper of Sif Muna the Loreminder
  2847 | D:3      | Reached skill level 5 in Poison Magic
  2847 | D:3      | Reached XP level 5. HP: 31/31 MP: 4/9
  2971 | D:3      | Noticed Sigmund
  3735 | D:3      | Reached * piety under Sif Muna
  3821 | D:3      | Found a snail-covered altar of Cheibriados.
  3996 | D:3      | Killed Sigmund
  3997 | D:3      | Reached skill level 1 in Air Magic
  3997 | D:3      | Reached XP level 6. HP: 26/36 MP: 3/11
  4453 | D:4      | Reached skill level 6 in Poison Magic
  4453 | D:4      | Reached XP level 7. HP: 25/41 MP: 6/13
  4698 | D:4      | Found a shimmering blue altar of Sif Muna.
  4704 | D:4      | Identified Sif Muna's Incunabulum of the Dusty Oath
  4910 | D:4      | Found a bloodstained altar of Trog.
  4987 | D:4      | Found Kiosiuc's General Store.
  5105 | D:4      | Found a hide-covered altar of Uskayaw.
  5219 | D:4      | Learned a level 3 spell: Spider Form
  5447 | D:4      | Found Luumaodghon's Jewellery Emporium.
  5759 | D:4      | Found a radiant altar of Vehumet.
  5785 | D:4      | Reached skill level 7 in Poison Magic
  6116 | D:5      | Entered Level 5 of the Dungeon
  6118 | D:5      | Found a transporter.
  6121 | D:5      | Noticed Descartes's ghost (weakling FeDe)
  6125 | D:5      | Found a transporter.
  6337 | D:5      | Reached XP level 8. HP: 47/47 MP: 12/15
  6378 | D:5      | Reached skill level 5 in Spellcasting
  6458 | D:5      | Reached skill level 1 in Fighting
  6891 | D:5      | Noticed Ijyb
  6899 | D:5      | Killed Ijyb
  6899 | D:5      | Reached ** piety under Sif Muna
  7069 | D:5      | Noticed Eustachio
  7081 | D:5      | Killed Eustachio
  7556 | D:5      | Found a shimmering altar of Xom.
  7557 | D:5      | Found a burning altar of Makhleb.
  7721 | D:5      | HP: 2/48 [Descartes's ghost (7)]
  7722 | D:5      | Slain by Descartes's ghost

Illustrated notes

Levels and vault maps discovered:
D:1:      ncdulo_watergridlock, layout_loops_ring
D:2:      layout_rooms, lemuel_blue_sif_altar
D:3:      layout_rooms, kennysheep_slug_shrine, uniq_sigmund
D:4:      layout_loops_ring, nzn_overflow_gifts_of_might_and_magic,
          eat_drink_and_be_merry_uskayaw, vehumet_statue, serial_shops,
          kennysheep_mini_moat, grunt_decor_mini_mirrors,
          minmay_shop_enchanted_jewellery
D:5:      layout_loops_ring, grunt_temple_overflow_champion_of_chaos,
          gammafunk_ghost_arena, uniq_ijyb, uniq_eustachio

Skill      XL: |  1  2  3  4  5  6  7  8 |
---------------+-------------------------+-----
Poison Magic   | 4 5 6 7 |  7.6
Transmutations | 2 3 4 |  4.1
Spellcasting   | 3 4 5 |  5.4
Stealth        | 3 4 |  4.2
Air Magic      | 1 2 |  2.4
Fighting       | 1 |  1.5
Dodging        | |  2.9

Action                   |  1- 3 |  4- 6 |  7- 9 || total
-------------------------+-------+-------+-------++-------
Melee: Short sword       |       |     2 |       ||     2
       Scythe            |       |       |    64 ||    64
       Constrict         |       |       |    11 ||    11
       Tentacles         |       |       |     9 ||     9
       Unarmed           |       |       |     6 ||     6
 Cast: Sting             |    56 |    73 |    42 ||   171
       Poisonous Vapours |     6 |    26 |    27 ||    59
       Spider Form       |       |       |     1 ||     1
  Use: Scroll            |       |     4 |       ||     4
       Potion            |       |       |     1 ||     1
 Stab: Sleeping          |       |       |     4 ||     4
Armor: Skin              |     4 |     2 |     9 ||    15
Dodge: Dodged            |    25 |    43 |    82 ||   150
